 Dungeon Crawl Stone Soup version 0.30-a0-339-g89bb51ec76 (webtiles) character file.

Game seed: 8044041265926524286

672 sanka the Grappler (level 7, -5/59 HPs)
             Began as a Troll Summoner on Oct 31, 2022.
             Succumbed to a gnoll sergeant's poison
             ... on level 6 of the Dungeon.
             The game lasted 00:05:03 (3981 turns).

sanka the Grappler (Troll Summoner)                 Turns: 3981, Time: 00:05:04

Health: -5/59      AC:  4    Str: 19    XL:     7   Next: 32%
Magic:  7/7        EV:  9    Int: 11    God:
Gold:   356        SH:  0    Dex: 10    Spells: 7/8 levels left

rFire   . . .      SeeInvis .      - Unarmed
rCold   + . .      Faith    .    (no shield)
rNeg    . . .      Spirit   .    a - +0 robe
rPois   .          Reflect  .    (helmet restricted)
rElec   .          Harm     .    (no cloak)
rCorr   .          Rampage  .    (gloves unavailable)
Will    .....                    (boots unavailable)
Stlth   +.........               e - amulet of regeneration
HPRegen 1.89/turn                (no ring)
MPRegen 0.10/turn                i - ring of protection from cold

@: lethally poisoned (-5 -> -28)
A: large, unfitting armour, claws 3, regeneration 1, shaggy fur 1, tough skin 1
a: no special abilities


You were on level 6 of the Dungeon.
You visited 1 branch of the dungeon, and saw 6 of its levels.

You collected 356 gold pieces.


Innate Abilities, Weirdness & Mutations

You are too large for most types of armour.
You have claws for hands.
Your natural rate of healing is unusually fast.
You are covered in fur. (AC +1)
You have tough skin. (AC +1)


   Skills:
 - Level 1.5 Dodging
 - Level 1.0 Stealth
 + Level 8.0 Unarmed Combat
 - Level 1.2 Spellcasting
 - Level 2.9 Summonings


You had 7 spell levels left.
You knew the following spells:

 Your Spells              Type           Power      Damage    Failure   Level
z - Summon Small Mammal   Summ           28%        N/A       10%         1

Your spell library contained the following spells:

 Spells                   Type           Power      Damage    Failure   Level
 Call Imp                 Summ           7%         N/A       14%         2
 Call Canine Familiar     Summ           7%         N/A       28%         3
 Sting                    Tmut/Pois      0%         1d3       32%         1
 Poisonous Vapours        Pois/Air       0%         N/A       43%         2
 Summon Guardian Golem    Hex/Summ       3%         N/A       45%         3
 Summon Lightning Spire   Summ/Air       3%         N/A       86%         4
 Olgreb's Toxic Radiance  Pois           0%         N/A       97%         4

Inventory:

Armour
 a - a +0 robe (worn)
Magical Staves
 s - a staff of air
Jewellery
 e - an amulet of regeneration (around neck)
 i - a ring of protection from cold (right claw)
Wands
 v - a wand of polymorph (14)
 x - a wand of flame (11)
Scrolls
 c - 2 scrolls of teleportation {unknown}
 d - 3 scrolls of torment {unknown}
 f - 8 scrolls of identify {unknown}
 g - a scroll of fear {unknown}
 l - 2 scrolls of enchant armour {unknown}
 q - 2 scrolls of magic mapping {unknown}
 t - a scroll of vulnerability {unknown}
 u - a scroll of brand weapon {unknown}
Potions
 b - a potion of magic
 h - 2 potions of degeneration {unknown}
 j - 4 potions of lignification {unknown}
 k - a potion of brilliance {unknown}
 m - 2 potions of curing {unknown}
 n - a potion of heal wounds {unknown}
 o - a potion of haste {unknown}
 p - a potion of mutation {unknown}
 r - 2 potions of cancellation {unknown}
 w - a potion of might {unknown}

Dungeon Overview and Level Annotations

Branches:
Dungeon (6/15)
 Temple: D:4-7

Altars:
Gozag
Hepliaklqana

Annotations:
D:5 Prince Ribbit

.. ▒.▒ ▒ ... ..
▒▒.▒▒▒.▒ ......
....
▒▒▒▒▒▒▒▒▒▒▒▒▒.▒▒▒.▒
....gggT))........▒
.▒▒▒▒▒▒▒▒▒▒▒▒.▒▒▒▒▒
▒.▒...▒ ▒.▒.▒.▒
▒.▒.▒.▒ ▒.▒<▒.▒
▒.▒▒▒.▒ ▒.....▒
▒▒▒▒▒▒▒


You could see a gnoll sergeant and 2 gnolls.


Message History

You are poisoned.
You barely miss the gnoll sergeant.
You feel very sick. The gnoll sergeant closely misses you.
The gnoll sergeant blocks your attack.
You feel sick.
The gnoll sergeant hits you with a +2 spear of venom!
You are more poisoned.
You scratch the gnoll sergeant but do no damage.
You feel very sick.
The gnoll sergeant hits you with a +2 spear of venom.
* * * LOW HITPOINT WARNING * * *
You are more poisoned.
You barely miss the gnoll sergeant.
You feel very sick.
The gnoll sergeant hits you but does no damage.
You are more poisoned.
The gnoll sergeant blocks your attack.
* * * LOW HITPOINT WARNING * * *
You feel very sick. The gnoll sergeant closely misses you.
Unknown command.
The gnoll sergeant blocks your attack.
You feel very sick.
The gnoll sergeant hits you with a +2 spear of venom!
* * * LOW HITPOINT WARNING * * *
You are more poisoned.
You claw the gnoll sergeant!
The gnoll sergeant is moderately wounded.
You die...

Action                   |  1- 3 |  4- 6 |  7- 9 || total
-------------------------+-------+-------+-------++-------
Melee: Unarmed           |    77 |   149 |    38 ||   264
       Punch             |       |     7 |       ||     7
 Stab: Sleeping          |     1 |     1 |       ||     2
Armor: Robe              |    21 |    75 |     9 ||   105
Dodge: Dodged            |    31 |    55 |    11 ||    97

Levels and vault maps discovered:
D:1:      dpeg_arrival_three_bigger_balls, layout_basic
D:2:      layout_rooms, basic_altar, roderic_lattice_a
D:3:      cheibrodos_pilgrimage, layout_basic,
          hellmonk_ecumenical_altar_inner_sanctum, minmay_pentomino_pile
D:4:      layout_loops_ring, nicolae_hepliaklqana_hippocampus,
          supply_closet_lemuel
D:5:      layout_layer_cave, gup_ossuary_entry_pyramid, minmay_fountain_box,
          chequers_decorated_corner, uniq_prince_ribbit1
D:6:      layout_basic, elyvilon_altar_4, minmay_misc_feat_ornament,
          uniq_maggie, uniq_duvessa

Notes
Turn   | Place    | Note
-------+----------+-------------------------------------------
     0 | D:1      | sanka the Troll Summoner began the quest for the Orb.
     0 | D:1      | Reached XP level 1. HP: 16/16 MP: 1/1
   171 | D:1      | Reached skill level 1 in Unarmed Combat
   258 | D:1      | Reached XP level 2. HP: 24/24 MP: 2/2
   466 | D:1      | Reached skill level 2 in Unarmed Combat
   781 | D:2      | Found an opulent altar of Gozag.
   897 | D:2      | Reached XP level 3. HP: 22/31 MP: 3/3
   902 | D:2      | Reached skill level 3 in Unarmed Combat
   990 | D:2      | Reached XP level 4. HP: 29/39 MP: 4/4
  1203 | D:3      | Reached skill level 4 in Unarmed Combat
  1305 | D:3      | Reached XP level 5. HP: 32/45 MP: 5/5
  1327 | D:3      | Reached skill level 5 in Unarmed Combat
  1891 | D:3      | Found a faded altar of an unknown god.
  2298 | D:4      | Reached XP level 6. HP: 43/53 MP: 6/6
  2373 | D:4      | Reached skill level 6 in Unarmed Combat
  2377 | D:4      | Found a hazy altar of Hepliaklqana.
  2682 | D:5      | Entered Level 5 of the Dungeon
  3055 | D:5      | Reached skill level 7 in Unarmed Combat
  3096 | D:5      | Noticed Prince Ribbit
  3225 | D:5      | Reached XP level 7. HP: 46/59 MP: 7/7
  3973 | D:6      | Reached skill level 8 in Unarmed Combat
  3980 | D:6      | HP: 1/59 [gnoll sergeant/+2 spear of venom (10)]
  3981 | D:6      | Succumbed to a gnoll sergeant's poison

Vanquished Creatures
  2 black bears (D:5)
  A hound (D:5)
  4 orc priests
  An iguana (D:5)
  4 orc wizards
  A mummy (D:5)
  5 gnolls
  7 adders
  5 dart slugs
  A worm (D:2)
  19 orcs
  6 ball pythons
  4 endoplasms
  2 giant cockroaches
  6 goblins
  3 hobgoblins
  6 jackals
  3 kobolds
  2 quokkas
  2 frilled lizards
  A rat (D:2)
85 creatures vanquished.
